 Dungeon Crawl Stone Soup version 0.18.1-8-gdd0e5ea (webtiles) character file.

494 matakusis the Magician (level 6, 0/32 HPs)
             Began as a Deep Elf Wizard on June 11, 2016.
             Slain by Duvessa
             ... wielding a +0 short sword
              (16 damage)
             ... on level 5 of the Dungeon.
             The game lasted 00:41:04 (6420 turns).

matakusis the Magician (Deep Elf Wizard)            Turns: 6420, Time: 00:41:05

Health: 0/32       AC:  2    Str:  4    XL:     6   Next: 92%
Magic:  2/18       EV: 13    Int: 25    God:
Gold:   162        SH:  0    Dex: 13    Spells: 5 memorised, 9 levels left

rFire  . . .     SeeInvis .     e - +1 dagger
rCold  . . .     Gourm    .     a - +0 robe
rNeg   . . .     Faith    .     (no shield)
rPois  .         Spirit   .     b - +0 hat
rElec  .         Dismiss  .     (no cloak)
rCorr  .         Reflect  .     (no gloves)
SustAt +         Harm     .     (no boots)
MR     .....                    (no amulet)
Stlth  ++........               (no ring)
                                p - ring of sustain attributes

@: not resistant to hostile enchantments, unstealthy
A: no striking features
a: no special abilities


You were on level 5 of the Dungeon.
You were very hungry.

You visited 1 branch of the dungeon, and saw 5 of its levels.

You collected 162 gold pieces.

Inventory:

Hand Weapons
 e - a +1 dagger (weapon)
Missiles
 o - 160 stones (quivered)
Armour
 a - a +0 robe (worn)
 b - a +0 hat (worn)
Jewellery
 p - a ring of sustain attributes (left hand)
Wands
 n - a wand of iceblast (6/15)
Scrolls
 g - 2 scrolls of fog
 h - a scroll of enchant armour
 i - a scroll of amnesia
 j - a scroll of teleportation {unknown}
 k - a scroll of blinking {unknown}
Potions
 f - 2 potions of curing
 q - a potion of might
Books
 c - a book of Minor Magic

   Spells                             Type                      Level
   a - Magic Dart                     Conjuration                  1
   b - Blink                          Translocation                2
   c - Call Imp                       Summoning                    2
   d - Repel Missiles                 Charms/Air                   2
   e - Slow                           Hexes                        2
   f - Conjure Flame                  Conjuration/Fire             3
   g - Mephitic Cloud                 Conjuration/Poison/Air       3
Comestibles
 d - 2 bread rations
 l - 2 meat rations
 r - a slice of pizza


   Skills:
 + Level 2.9 Dodging
 - Level 2.4 Stealth
 + Level 7.7 Spellcasting
 + Level 2.1 Conjurations
 * Level 5.3 Summonings
 - Level 1.1 Translocations


You had 9 spell levels left.
You knew the following spells:

 Your Spells              Type           Power        Failure   Level  Hunger
a - Magic Dart            Conj           ###.         2%          1    None
b - Call Imp              Summ           #####...     1%          2    None
c - Blink                 Tloc           N/A          8%          2    None
d - Conjure Flame         Conj/Fire      ###.....     12%         3    None
e - Mephitic Cloud        Conj/Pois/Air  ##......     14%         3    None


Dungeon Overview and Level Annotations

Branches:
Dungeon (5/15)
 Temple: D:4-7

Altars:

Annotations:
D:5 Duvessa, Edmund, Menkaure


Message History

Casting: Magic Dart
Confirm with . or Enter, or press ? or * to list all spells.
Aiming: Magic Dart
Press: ? - help, Shift-Dir - straight line, f/p - Duvessa
Aim: Duvessa, wielding a short sword (moderately wounded, berserk, fast, unusually strong, confused)
The magic dart hits Duvessa.
Duvessa is moderately wounded.
Duvessa rages.
You hear a shout!
Duvessa seems less confused.
Your iron imp hits Duvessa.
Duvessa closely misses you.
Edmund clears his throat.
Your crimson imp blinks!
Your iron imp hits Duvessa.
Duvessa rages.
Duvessa hits you with a short sword!
Duvessa rages.
The howler monkey seems less confused.
Duvessa hits you with a short sword!
Ouch! That really hurt!
You die...

#.....# ###...#..####
#.###.########........
#####@# #...ยง@......#..###
##.....#############.....#
####.......## ##..#.##
............# ########..#...
#......>...# #.....>.....##
#.......h.#####.#########..#
#.......5.e@....# ##..
#....).......##############.
##.......###.....5.......5..
#.........#################.
#.........# ## #.....)...# #
#.........# # #.........# #
##.......##


You could see Duvessa (berserk), a howler monkey and a friendly iron imp.

Vanquished Creatures
  A sky beast (D:5)
  2 oozes (D:1)
  2 giant geckos (D:3)
  2 ball pythons
  2 giant cockroaches
  6 goblins
  4 hobgoblins
  2 quokkas
  5 bats
  A giant newt (D:2)
  7 kobolds
  A quokka skeleton (D:4)
  5 rats
40 creatures vanquished.

Vanquished Creatures (collateral kills)
  The ghost of nikopol the Poker, an amateur MiBe of Trog (D:3)
  A sky beast (D:4)
  Dowan (D:5)
  A scorpion (D:4)
  A howler monkey (D:4)
  2 worker ants
  Robin (D:2)
  3 gnolls (D:4)
  5 adders
  A shadow imp (D:5)
  2 oozes (D:2)
  2 worms (D:4)
  2 dart slugs
  6 orcs
  A bat (D:1)
  2 giant cockroaches
  11 goblins
  7 hobgoblins
  6 jackals
  2 kobolds (D:1)
  2 quokkas
  A ball python zombie (D:3)
  4 giant newts
  A quokka zombie (D:5)
  6 rats
72 creatures vanquished.

Grand Total: 112 creatures vanquished

Notes
Turn   | Place    | Note
--------------------------------------------------------------
     0 | D:1      | matakusis the Deep Elf Wizard began the quest for the Orb.
     0 | D:1      | Reached XP level 1. HP: 10/10 MP: 7/7
   162 | D:1      | Reached skill level 5 in Spellcasting
   232 | D:1      | Reached XP level 2. HP: 15/15 MP: 5/10
   274 | D:1      | Learned a level 2 spell: Call Imp
   277 | D:1      | Learned a level 2 spell: Blink
   924 | D:1      | Reached XP level 3. HP: 19/19 MP: 6/11
   970 | D:1      | Learned a level 3 spell: Conjure Flame
   974 | D:1      | Learned a level 3 spell: Mephitic Cloud
  1846 | D:2      | Noticed Robin
  2317 | D:2      | Killed Robin
  3009 | D:3      | Reached XP level 4. HP: 24/24 MP: 8/13
  3264 | D:3      | Noticed nikopol's ghost (amateur MiBe)
  3311 | D:3      | Killed nikopol's ghost
  3311 | D:3      | Reached skill level 6 in Spellcasting
  3311 | D:3      | Reached XP level 5. HP: 28/28 MP: 9/15
  4818 | D:4      | Reached XP level 6. HP: 32/32 MP: 10/17
  4945 | D:4      | Noticed a sky beast
  4958 | D:5      | Entered Level 5 of the Dungeon
  4966 | D:5      | Noticed Edmund
  4983 | D:5      | Noticed Duvessa
  4983 | D:5      | Noticed Dowan
  4987 | D:5      | Noticed Menkaure
  5181 | D:4      | Killed a sky beast
  5181 | D:4      | Reached skill level 7 in Spellcasting
  6401 | D:5      | Noticed a sky beast
  6402 | D:5      | Killed Dowan
  6402 | D:5      | Reached skill level 5 in Summonings
  6408 | D:5      | Killed a sky beast
  6420 | D:5      | Slain by Duvessa

Skill      XL: |  1  2  3  4  5  6 |
---------------+-------------------+-----
Spellcasting   | 5 6 7 |  7.7
Summonings     | 2 3 4 5 |  5.3
Conjurations   | 2 |  2.1
Dodging        | |  2.9
Stealth        | |  2.4
Translocations | |  1.1

Action                   |  1- 3 |  4- 6 || total
-------------------------+-------+-------++-------
Melee: Dagger            |     2 |     3 ||     5
       Spear             |    16 |     4 ||    20
 Cast: Magic Dart        |    49 |    57 ||   106
       Call Imp          |    46 |    64 ||   110
       Conjure Flame     |     5 |    11 ||    16
       Mephitic Cloud    |       |     3 ||     3
       Blink             |       |     3 ||     3
  Use: Scroll            |     5 |     4 ||     9
       Potion            |     2 |       ||     2
 Stab: Sleeping          |     2 |     1 ||     3
  Eat: Chunk             |     5 |     9 ||    14
       Beef jerky        |       |     1 ||     1
Armor: Robe              |    10 |     9 ||    19
Dodge: Dodged            |    43 |    27 ||    70
